 Dungeon Crawl Stone Soup version 0.31-a0-2-g928a596 (webtiles) character file.

Game seed: 12064935501800696849

438 Nithhogg the Trooper (level 7, -2/61 HPs)
             Began as a Hill Orc Fighter on May 3, 2023.
             Slain by a lemure (4 damage)
             ... led by Pikel
             ... on level 4 of the Dungeon.
             The game lasted 00:06:49 (2796 turns).

Nithhogg the Trooper (Hill Orc Fighter)             Turns: 2796, Time: 00:06:49

Health: -2/61      AC:  7    Str: 21    XL:     7   Next: 1%
Magic:  10/10      EV:  9    Int:  8    God:
Gold:   150        SH:  0    Dex: 10    Spells: 6/6 levels left

rFire   . . .        m - +6 hand axe "Mealila" {freeze, Will+}
rCold   . . .        (no shield)
rNeg    . . .        b - +0 scale mail
rPois   .            (no helmet)
rElec   .            (no cloak)
rCorr   .            (no gloves)
SInv    .            (no boots)
Will    +....        (no amulet) Stlth
                     (no ring)
HPRegen 0.30/turn    (no ring)
MPRegen 0.12/turn

%: no passive effects
@: mighty
A: no striking features
a: no special abilities


You were on level 4 of the Dungeon.
You visited 1 branch of the dungeon, and saw 4 of its levels.

You collected 150 gold pieces.

Inventory:

Hand Weapons
 a - a +0 war axe
 e - a +1 dagger of venom
 k - a +1 whip of draining
 m - the +6 hand axe "Mealila" (weapon) {freeze, Will+}
   (You found it on level 2 of the Dungeon)

   Will:      It increases your willpower.
Armour
 b - a +0 scale mail (worn)
 c - a +0 buckler
Jewellery
 h - a ring of fire
Wands
 v - a wand of digging (5)
Scrolls
 f - 2 scrolls of identify {unknown}
 g - 2 scrolls of vulnerability {unknown}
 j - 2 scrolls of amnesia {unknown}
 n - 3 scrolls of teleportation {unknown}
 p - a scroll of enchant armour {unknown}
 q - a scroll of fog {unknown}
Potions
 i - a potion of berserk rage {unknown}
 l - a potion of heal wounds {unknown}
 o - a potion of resistance {unknown}
 r - 2 potions of attraction {unknown}
 s - 3 potions of ambrosia {unknown}
 t - a potion of lignification {unknown}
 u - a potion of curing {unknown}


   Skills:
 + Level 5.5 Fighting
 + Level 5.3 Axes
 + Level 5.0 Armour
 - Level 3.2 Shields
 + Level 4.2 Invocations


You had 6 spell levels left.
You didn't know any spells.
Your spell library contained the following spells:

 Spells                   Type           Power      Damage    Failure   Level
 Apportation              Tloc           0%         N/A       75%         1
 Necrotise                Necr           0%         1d4       75%         1
 Summon Small Mammal      Summ           0%         N/A       75%         1
 Blink                    Tloc           0%         N/A       86%         2
 Ensorcelled Hibernation  Hex/Ice        0%         N/A       86%         2
 Passwall                 Tmut/Erth      0%         N/A       86%         2
 Swiftness                Air            0%         N/A       98%         3
 Manifold Assault         Tloc           0%         N/A       100%        4
 Storm Form               Tmut/Air       0%         N/A       100%        7


Dungeon Overview and Level Annotations

Branches:
Dungeon (4/15)
 Temple: D:4-7

Altars:
Nemelex Xobeh
Okawaru

Annotations:
D:4 Pikel


Message History

Pikel attacks as you move away! Pikel barely misses you.
The lemure attacks as you move away! The lemure barely misses you.
The lemure attacks as you move away! The lemure barely misses you.
Pikel attacks as you move away! Pikel barely misses you.
Pikel cracks his whip.
You feel very mighty all of a sudden. Pikel completely misses you.
You closely miss Pikel.
Pikel is moderately wounded.
You hit the lemure. You freeze the lemure. Pikel barely misses you.
The lemure completely misses you.
You closely miss Pikel.
Pikel is moderately wounded.
You closely miss the lemure.
Pikel hits you with a +1 whip of flaming.
Pikel burns you. The lemure hits you but does no damage.
You hit Pikel. You freeze Pikel.
Pikel is moderately wounded.
You hit the lemure. You freeze the lemure. Pikel hits you but does no damage.
The lemure barely misses you.
You closely miss Pikel.
Pikel is moderately wounded.
You slash the lemure! You freeze the lemure.
You kill the lemure!
That felt strangely unrewarding.
Pikel hits you with a +1 whip of flaming!
Pikel burns you.
* * * LOW HITPOINT WARNING * * *
You slash Pikel! You freeze Pikel.
Pikel is severely wounded.
You slash the lemure! You freeze the lemure.
The lemure hits you but does no damage.
Pikel hits you with a +1 whip of flaming!
* * * LOW HITPOINT WARNING * * *
Pikel burns you.
* * * LOW HITPOINT WARNING * * *
The lemure attacks as you move away! The lemure hits you but does no damage.
Pikel attacks as you move away! Pikel closely misses you.
The lemure attacks as you move away! The lemure hits you.
You die...

............## #....#...
.............# ########....)...
.............###
#..........##...
#########......###..........# .#
##............###.###..##
##...#....##............
####.....##.####.###.##.## ##
#>....#...#5.....###.## .#
####.##.....@5.#........... .#
##....##(....#K##.####......
.###..#####..##.#..#.####.....>
.##........<###..#...#..........
....##.#.#.#####...............
........................#......
........)............#..#######
..###...#.................#
.##...###.####........#.#.#


You could see Pikel and 2 lemures.

Vanquished Creatures
  A black bear (D:4)
  An ogre (D:4)
  2 lemures (D:4)
  A kobold brigand (D:4)
  Robin (D:4)
  A gnoll (D:3)
  8 adders
  5 orcs
  2 ball pythons (D:1)
  7 endoplasms
  7 giant cockroaches
  14 goblins
  10 hobgoblins
  2 jackals (D:3)
  5 quokkas
  11 bats
  6 frilled lizards
  12 kobolds
  7 rats
103 creatures vanquished.

Notes
Turn   | Place    | Note
-------+----------+-------------------------------------------
     0 | D:1      | Nithhogg the Hill Orc Fighter began the quest for the Orb.
     0 | D:1      | Reached XP level 1. HP: 19/19 MP: 1/1
   132 | D:1      | Reached XP level 2. HP: 27/27 MP: 2/2
   143 | D:1      | Reached skill level 1 in Invocations
   275 | D:1      | Found a faded altar of an unknown god.
   351 | D:1      | Reached XP level 3. HP: 33/33 MP: 4/4
   552 | D:2      | Found a sparkling altar of Nemelex Xobeh.
   736 | D:2      | Identified the +6 hand axe "Mealila" {freeze, Will+}
   811 | D:2      | Reached XP level 4. HP: 31/40 MP: 5/5
  1713 | D:3      | Reached XP level 5. HP: 47/47 MP: 6/6
  1824 | D:3      | Found an iron altar of Okawaru.
  1869 | D:3      | Found a sparkling altar of Nemelex Xobeh.
  2107 | D:4      | Noticed a black bear
  2117 | D:4      | Killed a black bear
  2118 | D:4      | Reached skill level 5 in Fighting
  2118 | D:4      | Reached XP level 6. HP: 39/56 MP: 8/8
  2404 | D:4      | Reached skill level 5 in Axes
  2479 | D:4      | Upgraded the game from 0.31-a0-1-g4198be8 to
                  | 0.31-a0-2-g928a596
  2617 | D:4      | Noticed Robin
  2626 | D:4      | Reached skill level 5 in Armour
  2630 | D:4      | Killed Robin
  2634 | D:4      | Reached XP level 7. HP: 53/61 MP: 10/10
  2766 | D:4      | Noticed Pikel
  2794 | D:4      | HP: 2/61 [Pikel/+1 whip of flaming (5)]
  2796 | D:4      | Slain by a lemure

Illustrated notes

Levels and vault maps discovered:
D:1:      scummos_arrival_hexagon, layout_basic, nicolae_ecumenical_lake_church
D:2:      layout_loops_ring, basic_altar
D:3:      layout_basic, mainiacjoe_overflow_cross_hatched,
          okawaru_altar_gauntlet_db
D:4:      layout_rooms, nicolae_overflow_two_pavilions, serial_park_tiny_pond,
          uniq_robin, uniq_pikel

Skill      XL: |  1  2  3  4  5  6 |
---------------+-------------------+-----
Axes           | 3 4 5 |  5.3
Invocations    | 1 2 3 4 |  4.2
Fighting       | 4 5 |  5.5
Armour         | 4 5 |  5.0
Shields        | |  3.2

Action                     |  1- 3 |  4- 6 |  7- 9 || total
---------------------------+-------+-------+-------++-------
  Melee: War axe           |    75 |       |       ||    75
         Whip              |    22 |       |       ||    22
         Hand axe          |     7 |   106 |    20 ||   133
         Punch             |       |     2 |       ||     2
    Use: Potion            |       |       |     1 ||     1
 Armour: Scale mail        |    61 |    59 |    11 ||   131
  Dodge: Dodged            |    56 |    55 |    18 ||   129

Table legend: (Time is in decaauts)
 A = Elapsed time spent in this place.
 B = Non-inter-level travel time spent in this place.
 C = Inter-level travel time spent in this place.
 D = Time resting spent in this place.
 E = Time spent auto-exploring this place.
 F = Levels seen in this place.
 G = Mean time per level.
                   A        B        C        D        E       F      G
               +--------+--------+--------+--------+--------+-----+--------+
         Total |   2835 |   2794 |     41 |    164 |   2097 |   4 |  708.8 |
       Dungeon |   2835 |   2794 |     41 |    164 |   2097 |   4 |  708.8 |
               +--------+--------+--------+--------+--------+-----+--------+

Top non-repeatable levels by time:
     D:3: 943 daAuts
     D:2: 751 daAuts
     D:1: 579 daAuts
     D:4: 560 daAuts
